Map: Pillars of Gold LE

Players

Sarrel - Winner!

  • Race: Terran Terran
  • League: Master
  • Spawn Location: 1:00

ZhuGeLiang

  • Race: Zerg Zerg
  • League: Master
  • Spawn Location: 7:00

VOD

https://www.youtube.com/watch?v=15BDhf7efAs

Description

uThermal School

Time

  • Played on: June 14, 2020, 8:02 a.m.
  • Length: 7:14
Show
View Real Time Build Order
Export as new Build Order

Sarrel Terran - Winner!

Build Orders: Reaper Expand 

Get SALT Encoding   

  12  0:01  SCV  
  13  0:13  SCV  
  14  0:17  Supply Depot  
  14  0:25  SCV  
  15  0:39  SCV, Barracks  
  16  0:44  Refinery  
  16  0:51  SCV  
  17  1:03  SCV  
  18  1:15  SCV  
  19  1:26  Reaper  
  19  1:27  Orbital Command  
  20  1:42  Command Center  
  20  1:52  Supply Depot  
  20  1:53  SCV  
  21  1:58  Marine  
  22  2:06  SCV  
  23  2:11  Factory  
  23  2:18  SCV  
  23  2:20  Barracks Reactor  
  24  2:25  Refinery  
  24  2:30  SCV  
  25  2:42  SCV  
  26  2:54  SCV, Orbital Command  
  26  2:57  Starport  
  27  3:02  Hellion x2  
  31  3:06  SCV  
  32  3:14  Supply Depot  
  32  3:18  SCV  
  34  3:20  SCV  
  34  3:24  Hellion x2  
  38  3:30  SCV  
  38  3:32  SCV  
  38  3:33  Medivac  
  42  3:38  Armory  
  42  3:45  Widow Mine x2  
  42  3:46  SCV  
  42  3:48  SCV  
  47  3:55  Supply Depot  
  47  3:58  SCV  
  47  4:01  SCV  
  49  4:06  Hellion x2  
  53  4:10  SCV  
  54  4:17  SCV, Liberator  
  58  4:25  Command Center  
  58  4:32  Supply Depot  
  58  4:33  SCV, Barracks Tech Lab  
  60  4:41  Factory Reactor  
  59  4:46  Barracks  
  59  4:48  SCV x2, Barracks  
  59  4:51  Marine  
  59  4:52  Stimpack  
  60  5:00  SCV  
  60  5:01  SCV  
  62  5:09  Starport Reactor, Marine  
  62  5:11  Engineering Bay  
  62  5:12  SCV  
  62  5:13  SCV, Engineering Bay, Refinery  
  61  5:23  Hellion x4  
  61  5:24  SCV  
  61  5:25  SCV  
  61  5:27  Marine  
  64  5:28  Factory Reactor  
  64  5:36  SCV  
  64  5:37  Marine x2  
  64  5:41  SCV  
  64  5:42  Refinery  
  64  5:44  Marine  
  64  5:48  Marine  
  64  5:49  Medivac, Marine  
  69  5:50  SCV  
  69  5:53  SCV  
  69  5:55  Marine x2  
  73  6:02  SCV, Marine  
  75  6:05  SCV  
  75  6:06  Marine  
  75  6:07  Marine  
  78  6:13  Marine  
  78  6:14  SCV, Marine  
  74  6:19  Orbital Command  
  74  6:21  Barracks  
  74  6:22  Medivac, Barracks  
  74  6:24  Medivac  
  77  6:26  Marine  
  77  6:30  SCV  
  77  6:31  Supply Depot, Marine  
  80  6:35  Widow Mine x2  
  80  6:36  Marine  
  82  6:41  Missile Turret  
  82  6:43  Missile Turret  
  82  6:45  SCV, Missile Turret  
  83  6:48  Marine x2  
  83  6:50  Supply Depot  
  83  6:53  SCV  
  88  6:57  SCV  
  88  6:59  Supply Depot  
  93  7:04  Supply Depot  
  93  7:09  Barracks Reactor x2  
Show
View Real Time Build Order
Export as new Build Order

ZhuGeLiang Zerg 

Build Orders: Hatch First 

Get SALT Encoding   

  12  0:01  Drone  
  13  0:12  Overlord  
  13  0:18  Drone  
  14  0:31  Drone x2  
  16  0:50  Hatchery  
  16  0:54  Drone  
  16  0:57  Drone  
  16  1:00  Drone  
  18  1:10  Extractor  
  17  1:17  Spawning Pool  
  16  1:20  Drone  
  16  1:23  Drone  
  18  1:28  Drone  
  19  1:40  Drone  
  20  1:50  Overlord  
  20  2:03  Queen x2  
  20  2:04  Zergling x4  
  26  2:11  Drone  
  26  2:12  Drone  
  28  2:18  Metabolic Boost  
  28  2:22  Drone  
  29  2:29  Drone  
  30  2:36  Drone x2  
  31  2:40  Queen  
  31  2:43  Drone  
  34  2:49  Queen  
  36  2:54  Overlord  
  36  2:58  Overlord  
  36  3:12  Drone x5  
  41  3:14  Drone  
  41  3:15  Drone  
  41  3:18  Drone  
  41  3:19  Drone  
  45  3:22  Drone  
  46  3:28  Lair  
  46  3:30  Drone  
  47  3:38  Extractor  
  46  3:43  Hatchery  
  46  3:45  Drone  
  46  3:48  Drone x2  
  48  3:49  Drone  
  48  3:51  Drone  
  48  3:53  Drone  
  48  3:55  Drone  
  52  3:59  Extractor  
  52  4:01  Baneling Nest  
  52  4:02  Drone  
  51  4:03  Drone  
  51  4:07  Overlord  
  52  4:10  Overlord  
  52  4:25  Queen  
  52  4:26  Spire  
  52  4:27  Zergling x4  
  52  4:30  Drone  
  52  4:31  Spore Crawler  
  55  4:32  Overseer  
  55  4:34  Drone  
  55  4:37  Drone  
  55  4:38  Drone  
  58  4:41  Drone x2  
  60  4:46  Zergling x2  
  60  4:47  Zergling x4  
  60  4:50  Baneling x4  
  60  4:51  Baneling  
  56  5:14  Drone x4  
  56  5:17  Overseer  
  56  5:20  Drone  
  61  5:28  Queen  
  63  5:37  Drone  
  63  5:38  Drone x5  
  63  5:44  Drone  
  63  5:45  Drone x2  
  64  5:51  Drone  
  64  5:54  Drone x2  
  58  6:09  Mutalisk x3  
  58  6:13  Drone x3  
  59  6:24  Mutalisk  
  60  6:28  Drone x5  
  64  6:36  Drone x2, Extractor  
  64  6:38  Extractor  
  64  6:46  Drone x2  
  66  6:49  Drone  
  66  6:53  Drone  
  68  6:56  Evolution Chamber  
Tags
 
Add a new tag
Caveats
  • Supply blocks, unpowered buildings, or Contaminate may cause inaccurate times.
  • Supply counts are checked every 10 seconds.